 Dungeon Crawl Stone Soup version 0.30-a0-422-g946f4849ff (webtiles) character file.

Game seed: 12179056724079776058

1059 ryw the Caller (level 7, -1/58 HPs)
             Began as a Demigod Summoner on Dec 8, 2022.
             Killed by an exploding themself (40 damage)
             ... ignited by their inner flame
             ... on level 6 of the Dungeon.
             The game lasted 00:10:13 (5678 turns).

ryw the Caller (Demigod Summoner)                   Turns: 5678, Time: 00:10:14

Health: -1/58      AC:  4    Str:  9    XL:     7   Next: 77%
Magic:  1/16       EV: 14    Int: 25    God:
Gold:   218        SH:  0    Dex: 16    Spells: 1/14 levels left

rFire   . . .      SeeInvis .    g - +1 trident
rCold   . . .      Faith    .    (no shield)
rNeg    . . .      Spirit   .    n - +0 robe "Tausuim" {Dex+2}
rPois   .          Reflect  .    (no helmet)
rElec   .          Harm     .    (no cloak)
rCorr   .          Rampage  .    (no gloves)
Will    .....                    i - +1 pair of boots
Stlth   ++........               (no amulet)
HPRegen 0.29/turn                (no ring)
MPRegen 0.15/turn                (no ring)

@: no status effects
A: high MP 1, forlorn, divine attributes
a: no special abilities


You were on level 6 of the Dungeon.
You visited 1 branch of the dungeon, and saw 6 of its levels.

You collected 218 gold pieces.

Inventory:

Hand Weapons
 g - a +1 trident (weapon)
Armour
 i - a +1 pair of boots (worn)
 n - the +0 robe "Tausuim" (worn) {Dex+2}
   (You found it on level 4 of the Dungeon)

   Dex:       It affects your dexterity (+2).
Scrolls
 a - a scroll of summoning
 c - 2 scrolls of butterflies
 h - 3 scrolls of teleportation
 m - 2 scrolls of amnesia
Potions
 b - 2 potions of magic
 e - 2 potions of curing
 f - a potion of heal wounds
 k - a potion of lignification
 o - a potion of berserk rage {unknown}
 p - 2 potions of ambrosia


   Skills:
 + Level 3.7 Fighting
 + Level 4.2 Dodging
 - Level 1.7 Stealth
 + Level 4.0 Spellcasting
 + Level 2.5 Hexes
 + Level 5.4 Summonings
 + Level 1.0 Air Magic


You had one spell level left.
You knew the following spells:

 Your Spells              Type           Power      Damage    Failure   Level
a - Call Canine Familiar  Summ           32%        N/A       3%          3
b - Call Imp              Summ           32%        N/A       1%          2
c - Summon Small Mammal   Summ           100%       N/A       1%          1
d - Summon Guardian Gole  Hex/Summ       25%        N/A       5%          3
e - Summon Lightning Spi  Summ/Air       21%        N/A       24%         4

Your spell library contained the following spells:

 Spells                   Type           Power      Damage    Failure   Level
 Apportation              Tloc           10%        N/A       9%          1
 Beastly Appendage        Tmut           10%        N/A       9%          1
 Blink                    Tloc           10%        N/A       14%         2
 Momentum Strike          Conj/Tloc      10%        3d8       14%         2
 Wereblood                Tmut           5%         N/A       14%         2
 Lesser Beckoning         Tloc           10%        N/A       26%         3
 Spider Form              Tmut/Pois      5%         N/A       26%         3
 Alistair's Intoxication  Tmut/Pois      3%         N/A       94%         5


Dungeon Overview and Level Annotations

Branches:
Dungeon (6/15)             Temple (0/1) D:4

Shops:
D:1 (   D:4 (


Innate Abilities, Weirdness & Mutations

You have an increased reservoir of magic. (+10% MP)
You shall have no god before yourself.
Your divine heritage dramatically boosts your attributes as you level up.


Message History

The orc hits your hound with a +3 morningstar!
The orc priest invokes the aid of Beogh against you.
Beogh smites you!
Your quokka closely misses the orc priest.
Your hound bites the orc priest.
Your quokka misses the orc priest.
Your guardian golem overheats!
Your quokka bites the orc priest.
The orc priest dies!
The orc priest casts a cantrip, but nothing happens.
Your hound barely misses the orc.
Your quokka completely misses the orc.
Your quokka bites the orc.
Your hound bites the orc.
The orc closely misses your hound.
The orc hits your quokka with a +0 hand axe.
Flame seeps out of your guardian golem.
The orc hits your guardian golem with a +3 morningstar.
Flame seeps out of your guardian golem.
Your quokka barely misses the orc.
Your quokka closely misses the orc.
Your hound misses the orc.
Your guardian golem is engulfed in blazing flames.
Flame seeps out of your guardian golem.
The orc hits your hound with a +0 hand axe.
The orc hits your quokka with a +0 hand axe.
Flame seeps out of your guardian golem.
The orc hits your guardian golem with a +3 morningstar.
Flame seeps out of your guardian golem.
Your quokka barely misses the orc.
Your hound completely misses the orc.
Your quokka barely misses the orc.
Your guardian golem is engulfed in blazing flames.
Your guardian golem disappears in a puff of smoke!
Your guardian golem explodes!
The fiery explosion engulfs your white imp!!!
Your white imp is burned terribly!
Your white imp dies!
Your white imp disappears in a puff of smoke!
The fiery explosion engulfs your quokka!!
Your quokka dies!
Your quokka's corpse disappears in a puff of smoke!
The fiery explosion engulfs the orc!!!
The orc dies!
The fiery explosion engulfs you!!!
Ouch! That really hurt!
You die...

.....# ......### .......
........# ......######
##.......#.
...........###..o........
...........#............#
...........>...#or......#
.....#).....# #§h......#
...........#####○§.....#
..#.5..........§@......#
.)..##.....#############
..########## ..# ###


You could see an orc priest, an orc (ally target), a friendly hound (summoned,
sheltered) and a friendly quokka (summoned, sheltered).

Vanquished Creatures
  A phantom (D:5)
  A gnoll (D:3)
  3 adders (D:4)
  2 worms (D:2)
  An orc (D:3)
  A ball python (D:3)
  2 bats (D:1)
  5 endoplasms
  A giant cockroach (D:1)
  3 goblins
  A hobgoblin (D:4)
  3 quokkas
  5 frilled lizards
  2 kobolds
  2 rats
33 creatures vanquished.

Vanquished Creatures (collateral kills)
  An ogre (D:5)
  2 scorpions
  2 orc priests
  A jelly (D:5)
  A gnoll bouda (D:4)
  An iguana (D:5)
  An orc wizard (D:3)
  3 gnolls (D:4)
  3 adders
  A white imp (D:5)
  3 worms
  6 orcs
  3 bats
  3 endoplasms
  4 goblins
  5 hobgoblins
  3 jackals (D:3)
  2 quokkas
  A ball python (D:3)
  4 kobolds
50 creatures vanquished.

Vanquished Creatures (others)
  Sigmund (D:5)
  2 ice beasts (D:6)
  An ogre (D:5)
  An orc (D:6)
  5 toadstools (D:1)
10 creatures vanquished.

Grand Total: 93 creatures vanquished

Notes
Turn   | Place    | Note
-------+----------+-------------------------------------------
     0 | D:1      | ryw the Demigod Summoner began the quest for the Orb.
     0 | D:1      | Reached XP level 1. HP: 14/14 MP: 5/5
   148 | D:1      | Found Joerec's Weapon Boutique.
   495 | D:1      | Reached XP level 2. HP: 21/22 MP: 5/7
   498 | D:1      | Learned a level 2 spell: Call Imp
  1309 | D:2      | Reached skill level 1 in Fighting
  1399 | D:2      | Reached XP level 3. HP: 28/28 MP: 3/8
  1403 | D:2      | Learned a level 3 spell: Call Canine Familiar
  1656 | D:2      | Reached skill level 4 in Summonings
  2118 | D:3      | Reached XP level 4. HP: 35/35 MP: 1/10
  2851 | D:4      | Reached XP level 5. HP: 41/41 MP: 3/12
  2919 | D:3      | Learned a level 3 spell: Summon Guardian Golem
  3059 | D:4      | Found Mesul's Weapon Emporium.
  3271 | D:4      | Identified the +0 robe "Tausuim" {Dex+2}
  3551 | D:4      | Found a staircase to the Ecumenical Temple.
  4132 | D:5      | Entered Level 5 of the Dungeon
  4332 | D:5      | Reached XP level 6. HP: 50/50 MP: 2/13
  4386 | D:5      | Noticed Sigmund
  4418 | D:5      | Killed Sigmund
  4419 | D:5      | Reached skill level 1 in Hexes
  4938 | D:5      | Reached skill level 5 in Summonings
  4938 | D:5      | Reached XP level 7. HP: 57/57 MP: 10/15
  5417 | D:5      | Learned a level 4 spell: Summon Lightning Spire
  5642 | D:6      | Reached skill level 1 in Air Magic
  5678 | D:6      | Killed by an exploding themself... ignited by their inner
                  | flame

Illustrated notes

Levels and vault maps discovered:
D:1:      ldierk_walled_garden, layout_loops_ring, serial_shops, shop,
          nicolae_kite_square_tiling_tiny, minmay_3d_cube
D:2:      layout_loops_ring, hellmonk_ecumenical_altar_leap_of_faith,
          chequers_decorated_corner, palyth_stone_intersect, minmay_tromino_i4
D:3:      layout_rooms, overflow_temple_1_default
D:4:      layout_basic, kiku_gazebo_garden_becter, minmay_temple_entry_trees,
          serial_shops, nicolae_shop_bloodbath_and_beyond
D:5:      layout_loops_corners, nicolae_gozag_cash_rules_everything_around_me,
          uniq_sigmund
D:6:      layout_rooms, trog_three_pillars_becter, serial_shops, shop

Skill      XL: |  1  2  3  4  5  6  7 |
---------------+----------------------+-----
Dodging        | 2 3 4 |  4.2
Spellcasting   | 2 3 4 |  4.0
Fighting       | 1 2 3 |  3.7
Summonings     | 4 5 |  5.4
Hexes          | 1 2 |  2.5
Air Magic      | 1 |  1.0
Stealth        | |  1.7

Action                   |  1- 3 |  4- 6 |  7- 9 || total
-------------------------+-------+-------+-------++-------
Melee: Unarmed           |    13 |       |       ||    13
       Trident           |    58 |    60 |    17 ||   135
       Punch             |     1 |       |       ||     1
 Cast: Summon Small Mamm |    31 |     2 |     4 ||    37
       Call Imp          |    13 |    17 |     6 ||    36
       Call Canine Famil |     5 |    19 |     7 ||    31
       Summon Guardian G |       |     1 |     6 ||     7
  Use: Scroll            |     3 |     7 |     3 ||    13
 Stab: Distracted        |     1 |     3 |     1 ||     5
       Sleeping          |       |     3 |       ||     3
Armor: Robe              |    17 |     8 |     6 ||    31
Dodge: Dodged            |    31 |    27 |    24 ||    82

Table legend: (Time is in decaauts)
 A = Elapsed time spent in this place.
 B = Non-inter-level travel time spent in this place.
 C = Inter-level travel time spent in this place.
 D = Time resting spent in this place.
 E = Time spent auto-exploring this place.
 F = Levels seen in this place.
 G = Mean time per level.
                   A        B        C        D        E       F      G
               +--------+--------+--------+--------+--------+-----+--------+
         Total |   5722 |   5458 |    264 |    414 |   4118 |   6 |  953.7 |
       Dungeon |   5722 |   5458 |    264 |    414 |   4118 |   6 |  953.7 |
               +--------+--------+--------+--------+--------+-----+--------+

Top non-repeatable levels by time:
     D:5: 1404 daAuts
     D:4: 1226 daAuts
     D:2: 1102 daAuts
     D:1: 981 daAuts
     D:3: 859 daAuts
     D:6: 148 daAuts
